 Dungeon Crawl Stone Soup version 0.28-a0-1524-ge72afd5fc6 (webtiles) character file.

Game seed: 2706072139954036824

9 knot the Chopper (level 2, -1/36 HPs)
             Began as a Demonspawn Berserker on Jan 18, 2022.
             Was a Follower of Trog.
             Slain by a jackal (2 damage)
             ... on level 1 of the Dungeon.
             The game lasted 00:00:22 (345 turns).

knot the Chopper (Demonspawn Berserker)              Turns: 345, Time: 00:00:23

Health: -1/36      AC:  2    Str: 17    XL:     2   Next: 3%
Magic:  2/2        EV: 12    Int:  8    God:    Trog [*.....]
Gold:   15         SH:  0    Dex: 12    Spells: 1/1 levels left

rFire   . . .      SeeInvis .   a - +0 hand axe
rCold   . . .      Faith    .   (no shield)
rNeg    . . .      Spirit   .   b - +0 animal skin
rPois   .          Reflect  .   (no helmet)
rElec   .          Harm     .   (no cloak)
rCorr   .          Rampage  .   (no gloves)
Will    .....                   (no boots)
Stlth   ..........              (no amulet)
HPRegen 0.12/turn               (no ring)
MPRegen 0.08/turn               (no ring)

@: berserking, very quick
A: weakness stinger 1
a: Renounce Religion, Berserk


You were on level 1 of the Dungeon.
You worshipped Trog.
Trog was aware of your devotion.
You visited 1 branch of the dungeon, and saw 1 of its levels.

You collected 15 gold pieces.

Inventory:

Hand Weapons
 a - a +0 hand axe (weapon)
Missiles
 c - 30 stones (quivered)
Armour
 b - a +0 animal skin (worn)
Potions
 d - 2 potions of curing {unknown}


   Skills:
 - Level 3.0 Fighting
 + Level 3.2 Axes
 - Level 1.7 Armour
 - Level 1.7 Dodging


You had one spell level left.
You didn't know any spells.
Your spell library was empty.

Dungeon Overview and Level Annotations

Branches:
Dungeon (1/15)

Altars:


Innate Abilities, Weirdness & Mutations

You have a small tail.


Message History

The jackal is moderately wounded.
You barely miss the jackal. x2; The jackal misses you.
The jackal closely misses you.
The jackal bites you but does no damage.
The jackal closely misses you. The jackal bites you.
You hit the jackal but do no damage.
The jackal is moderately wounded.
You closely miss the jackal. x2; The jackal closely misses you.
The jackal bites you. The jackal closely misses you. The jackal misses you.
The jackal closely misses you.
You hit the jackal but do no damage.
The jackal is moderately wounded.
You closely miss the jackal. x2; The jackal barely misses you.
The jackal bites you. x2; The jackal barely misses you.
The jackal bites you.
You are too injured to fight recklessly!
You are too injured to fight recklessly!
You are too injured to fight recklessly!
You fail to use your ability.
The jackal completely misses you. The jackal closely misses you. x2
You hit the jackal but do no damage. You hit the jackal.
You barely miss the jackal. The jackal barely misses you. The jackal bites you.
The jackal bites you but does no damage.
The jackal bites you.
* * * LOW HITPOINT WARNING * * *
The jackal bites you.
* * * LOW HITPOINT WARNING * * *
The jackal bites you.
* * * LOW HITPOINT WARNING * * *
A red film seems to cover your vision as you go berserk!
You feel yourself moving faster!
You feel mighty! The jackal bites you.
* * * LOW HITPOINT WARNING * * *
The jackal misses you. The jackal barely misses you.
You barely miss the jackal. You tail-slap the jackal.
You kill the jackal!
Trog accepts your kill.
You closely miss the jackal. You hit the jackal.
You kill the jackal!
Trog accepts your kill. The jackal bites you.
You die...

#...#.# #.# #######.
##.##.# #.# #.......
#.##.######.###.......
#.##.............####>
##.#########.###.## #.
#................# #.
#..#.##.####.##### #.
#..#.##†####.# #######.
#.....@h...... ........
#.##.##†###############
#.....# .# #...... .#
#.##### ## #


You could see a jackal.

Vanquished Creatures
  A bat (D:1)
  A hobgoblin (D:1)
  5 jackals (D:1)
  A ball python (D:1)
  2 rats (D:1)
10 creatures vanquished.

Notes
Turn   | Place    | Note
-------+----------+-------------------------------------------
     0 | D:1      | knot the Demonspawn Berserker began the quest for the Orb.
     0 | D:1      | Reached XP level 1. HP: 18/18 MP: 1/1
   336 | D:1      | Gained mutation: You have a small tail. [demonic ancestry]
   336 | D:1      | Reached XP level 2. HP: 24/24 MP: 2/2
   344 | D:1      | HP: 1/36 [jackal (2)]
   345 | D:1      | Slain by a jackal

Illustrated notes

Levels and vault maps discovered:
D:1:      psy_arrival_spokes, layout_loops_ring,
          hellmonk_ecumenical_altar_crossroads

Skill      XL: |  1 |
---------------+----+-----
Axes           | 3 |  3.2
Fighting       | |  3.0
Armour         | |  1.7
Dodging        | |  1.7

Action                   || total
-------------------------++-------
Melee: Hand axe          ||    32
       Tailslap          ||     1
Invok: Berserk           ||     1
 Stab: Sleeping          ||     2
Armor: Animal skin       ||    11
Dodge: Dodged            ||    50

Table legend: (Time is in decaauts)
 A = Elapsed time spent in this place.
 B = Non-inter-level travel time spent in this place.
 C = Inter-level travel time spent in this place.
 D = Time resting spent in this place.
 E = Time spent auto-exploring this place.
 F = Levels seen in this place.
 G = Mean time per level.
                   A        B        C        D        E       F      G
               +--------+--------+--------+--------+--------+-----+--------+
         Total |    349 |    349 |      0 |      0 |    279 |   1 |  349.0 |
       Dungeon |    349 |    349 |      0 |      0 |    279 |   1 |  349.0 |
               +--------+--------+--------+--------+--------+-----+--------+

Top non-repeatable levels by time:
     D:1: 349 daAuts
